 Dungeon Crawl Stone Soup version 0.29.1-1-gd02db6906a (webtiles) character file.

Game seed: 8806636505245575920

83 Demigod47 the Trooper (level 4, -6/40 HPs)
             Began as a Minotaur Fighter on Oct 14, 2022.
             Killed by divine providence
             ... invoked by an orc priest
              (11 damage)
             ... on level 3 of the Dungeon.
             The game lasted 00:02:41 (1858 turns).

Demigod47 the Trooper (Minotaur Fighter)            Turns: 1858, Time: 00:02:42

Health: -6/40      AC:  9    Str: 23    XL:     4   Next: 22%
Magic:  2/3        EV:  9    Int:  5    God:
Gold:   80         SH:  4    Dex:  9    Spells: 3/3 levels left

rFire   . . .      SeeInvis .   m - +2 flail (vorpal)
rCold   . . .      Faith    .   c - +0 buckler
rNeg    . . .      Spirit   .   n - +2 scale mail {Will+}
rPois   .          Reflect  .   (helmet restricted)
rElec   .          Harm     .   (no cloak)
rCorr   .          Rampage  .   (no gloves)
Will    +....                   (no boots)
Stlth   ..........              (no amulet)
HPRegen 0.13/turn               (no ring)
MPRegen 0.08/turn               (no ring)

@: no status effects
A: horns 2, retaliatory headbutt
a: no special abilities


You were on level 3 of the Dungeon.
You visited 1 branch of the dungeon, and saw 3 of its levels.

You collected 80 gold pieces.

Inventory:

Hand Weapons
 a - a +0 flail
 m - a +2 vorpal flail (weapon)
Armour
 b - a +0 scale mail
 c - a +0 buckler (worn)
 n - a +2 scale mail of willpower (worn)
Wands
 l - a wand of roots (6)
Scrolls
 g - a scroll of enchant weapon
 h - 2 scrolls of brand weapon
 i - 2 scrolls of noise {unknown}
 k - a scroll of amnesia {unknown}
Potions
 d - a potion of might
 f - 2 potions of curing


   Skills:
 + Level 4.2 Fighting
 * Level 3.7 Maces & Flails
 + Level 4.1 Armour
 + Level 1.2 Dodging
 + Level 4.1 Shields


You had 3 spell levels left.
You didn't know any spells.
Your spell library was empty.

Dungeon Overview and Level Annotations

Branches:
Dungeon (3/15)

Altars:


Innate Abilities, Weirdness & Mutations

You have a pair of horns on your head.
You reflexively headbutt those who attack you in melee.


Message History

As you read the scroll of identify, it crumbles to dust.
h - 2 scrolls of brand weapon
There is a stone staircase leading down here.
You climb downwards.
There is a stone staircase leading up here.
An orc comes into view. It is wielding a +1 antimagic trident.
The orc shouts!
You hear a shout!
An orc priest comes into view. It is wielding a +0 hand axe.
The orc priest shouts!
You hear a shout! x3
The orc barely misses you.
An orc priest comes into view. It is wielding a +0 war axe.
An orc wizard comes into view. It is wielding a +0 dagger.
Found a stone staircase leading down.
The orc priest casts a cantrip, but nothing happens.
The orc hits you with a +1 antimagic trident.
You barely miss the orc priest. Your headbutt misses the orc priest.
The orc priest invokes the aid of Beogh against you.
Beogh smites you!
The orc priest invokes the aid of Beogh against you.
Beogh smites you!
* * * LOW HITPOINT WARNING * * *
The orc hits you but does no damage.
The orc priest attacks as you move away!
The orc priest hits you but does no damage.
The orc wizard mumbles some strange words.
The orc wizard flickers and vanishes!
Deactivating autopickup; reactivate with Ctrl-A.
The orc closely misses you. The orc barely misses you. You furiously retaliate!
You headbutt the orc. The orc attacks as you move away!
The orc hits you but does no damage.
The orc hits you from afar with a +1 antimagic trident.
* * * LOW HITPOINT WARNING * * *
You feel your power leaking away.
The orc priest attacks as you move away!
The orc priest hits you but does no damage.
An orc comes into view. It is wielding a +0 whip of venom.
The orc priest begins to cast a cantrip, but forgets the words!
The orc priest calls down the wrath of Beogh upon you.
Beogh smites you!
You die...

### # ..# # #.
#.#
..#.#.#####.##
>............#
.....o...oo..#
.####o#####@##
.. #.# ##
#####.#
#<....#
#######


You could see 2 orc priests and an orc.

Vanquished Creatures
  Terence (D:2)
  An adder (D:2)
  2 worms (D:2)
  2 dart slugs (D:1)
  4 bats (D:1)
  5 endoplasms
  4 giant cockroaches (D:1)
  6 hobgoblins
  4 quokkas
  A ball python (D:1)
  A frilled lizard (D:1)
  A goblin (D:1)
  A kobold (D:1)
  5 rats
38 creatures vanquished.

Notes
Turn   | Place    | Note
-------+----------+-------------------------------------------
     0 | D:1      | Demigod47 the Minotaur Fighter began the quest for the Orb.
     0 | D:1      | Reached XP level 1. HP: 19/19 MP: 0/0
   149 | D:1      | Reached XP level 2. HP: 11/27 MP: 1/1
   517 | D:1      | Found a faded altar of an unknown god.
   984 | D:2      | Reached XP level 3. HP: 33/33 MP: 2/2
  1161 | D:2      | Reached skill level 1 in Dodging
  1591 | D:2      | Noticed Terence
  1598 | D:2      | Killed Terence
  1599 | D:2      | Reached XP level 4. HP: 18/40 MP: 3/3
  1858 | D:3      | Killed from afar by an orc priest

Illustrated notes

Levels and vault maps discovered:
D:1:      eino_arrival_water_star, layout_loops_cross,
          hellmonk_ecumenical_altar_defaced_shrine, minmay_tromino_v4_c
D:2:      layout_rooms, uniq_terence
D:3:      layout_basic, serial_shops, nicolae_shop_advertising_works
          [nicolae_subvault_shop_adworks], gammafunk_ghost_icy

Skill      XL: |  1  2  3 |
---------------+----------+-----
Shields        | 4 |  4.1
Fighting       | 4 |  4.2
Maces & Flails | 3 |  3.7
Armour         | 4 |  4.1
Dodging        | 1 |  1.2

Action                   |  1- 3 |  4- 6 || total
-------------------------+-------+-------++-------
Melee: Flail             |    71 |     1 ||    72
       Headbutt          |     9 |       ||     9
  Use: Scroll            |       |     2 ||     2
       Potion            |       |     2 ||     2
Armor: Scale mail        |    38 |     4 ||    42
Dodge: Dodged            |    46 |     3 ||    49
Block: Buckler           |    14 |       ||    14
